 Dungeon Crawl Stone Soup version 0.22.0-75-g3901e7991e (webtiles) character file.

323 JedernureinKreuz the Conjurer (level 6, 0/44 HPs)
             Began as a Gnoll Conjurer on Sept 12, 2018.
             Slain by a worker ant (7 damage)
             ... on level 4 of the Dungeon.
             The game lasted 00:08:43 (2432 turns).

JedernureinKreuz the Conjurer (Gnoll Conjurer)      Turns: 2432, Time: 00:08:43

Health: 0/44       AC:  2    Str: 10    XL:     6   Next: 47%
Magic:  2/14       EV: 15    Int: 19    God:
Gold:   102        SH:  0    Dex: 16    Spells: 14/15 levels left

rFire    . . .     SeeInvis .   d - +0 short sword
rCold    . . .     Gourm    .   (no shield)
rNeg     . . .     Faith    .   a - +0 robe
rPois    .         Spirit   .   (no helmet)
rElec    .         Reflect  .   (no cloak)
rCorr    .         Harm     .   (no gloves)
MR       .....                  (no boots)
Stlth    +++.......             (no amulet)
HPRegen  0.14/turn              (no ring)
MPRegen  0.14/turn              (no ring)

@: lethally poisoned (0 -> -2)
A: distributed training, fangs 1, strong nose
a: no special abilities


You were on level 4 of the Dungeon.
You were hungry.

You visited 1 branch of the dungeon, and saw 4 of its levels.

You collected 102 gold pieces.

Inventory:

Hand Weapons
 d - a +0 short sword (weapon)
Missiles
 b - 87 stones (quivered)
 e - 111 bolts
 f - a throwing net
 h - 24 arrows
Armour
 a - a +0 robe (worn)
 r - a +0 leather armour
Wands
 m - a wand of iceblast (8)
Scrolls
 g - a scroll of magic mapping {unknown}
 i - 4 scrolls of amnesia {unknown}
 k - 2 scrolls of noise {unknown}
 l - 4 scrolls of remove curse {unknown}
 q - 3 scrolls of fear {unknown}
Potions
 j - a potion of ambrosia {unknown}
 n - 2 potions of might
 o - a potion of invisibility {unknown}
 s - a potion of cancellation {unknown}
Comestibles
 c - 7 rations
 p - 6 chunks of flesh


   Skills:
 + Level 1.9 Fighting
 + Level 1.9 Short Blades
 + Level 1.9 Long Blades
 + Level 1.9 Axes
 + Level 1.9 Maces & Flails
 + Level 1.9 Polearms
 + Level 1.9 Staves
 + Level 1.9 Slings
 + Level 1.9 Bows
 + Level 1.9 Crossbows
 + Level 1.9 Throwing
 + Level 1.9 Armour
 + Level 5.0 Dodging
 + Level 4.6 Stealth
 + Level 1.9 Shields
 + Level 1.9 Unarmed Combat
 + Level 5.3 Spellcasting
 + Level 7.3 Conjurations
 + Level 1.5 Hexes
 + Level 1.5 Charms
 + Level 1.5 Summonings
 + Level 1.5 Necromancy
 + Level 1.5 Translocations
 + Level 1.5 Transmutations
 + Level 1.5 Fire Magic
 + Level 1.5 Ice Magic
 + Level 1.5 Air Magic
 + Level 1.5 Earth Magic
 + Level 1.5 Poison Magic
 + Level 2.1 Invocations
 + Level 1.9 Evocations


You had 14 spell levels left.
You knew the following spells:

 Your Spells              Type           Power        Failure   Level  Hunger
a - Magic Dart            Conj           ####         1%          1    None

Your spell library contained the following spells:

 Spells                   Type           Power        Failure   Level  Hunger
 Searing Ray              Conj           ####..       1%          2    None
 Dazzling Spray           Conj/Hex       ###...       6%          3    ##.....
 Iskenderun's Mystic Bla  Conj           ####....     6%          4    ####...
 Force Lance              Conj/Tloc      ###.....     19%         4    ####...
 Fulminant Prism          Conj/Hex       ###.......   19%         4    ####...


Dungeon Overview and Level Annotations

Branches:
Dungeon (4/15)
 Temple: D:4-7

Altars:
Ru


Innate Abilities, Weirdness & Mutations

Your experience applies equally to all skills.
You have very sharp teeth.
Your uncanny sense of smell can sniff out nearby items.


Message History

The gnoll is almost dead.
The gnoll hits you with a flail.
* * * LOW HITPOINT WARNING * * *
Casting: Magic Dart (safe; 1% risk of failure)
Confirm with . or Enter, or press ? or * to list all spells.
Aiming: Magic Dart (safe; 1% risk of failure)
Press: ? - help, Shift-Dir - straight line, f/p - gnoll
Aim: a gnoll, wielding a flail (almost dead)
The magic dart hits the gnoll.
You kill the gnoll!
You feel sick.
Casting: Magic Dart (safe; 1% risk of failure)
Confirm with . or Enter, or press ? or * to list all spells.
Aiming: Magic Dart (safe; 1% risk of failure)
Press: ? - help, Shift-Dir - straight line, f - worker ant
Aim: a worker ant The magic dart hits the worker ant.
The worker ant is lightly wounded.
The worker ant closely misses you. The worker ant bites you!
You die...

### ###
#.. ..
#.#..
#.#. #..
#.# #@#
#a###.#
#<....#
#........
#........
#.###.###
#.# .#
#.# # #.#


You could see a worker ant.

Vanquished Creatures
  A howler monkey (D:3)
  A bullfrog skeleton (D:3)
  2 orc priests (D:3)
  An orc wizard (D:3)
  A worker ant (D:4)
  3 gnolls
  3 adders (D:3)
  An ooze (D:3)
  2 worms (D:2)
  A dart slug (D:1)
  6 leopard geckos
  10 orcs (D:3)
  3 ball pythons
  7 bats
  3 giant cockroaches
  2 goblins
  2 hobgoblins
  4 jackals (D:1)
  A quokka (D:2)
  5 frilled lizards
  6 kobolds
  A leopard gecko skeleton (D:3)
  3 rats
69 creatures vanquished.

Vanquished Creatures (others)
  14 toadstools (D:4)
14 creatures vanquished.

Grand Total: 83 creatures vanquished

Notes
Turn   | Place    | Note
-------+----------+-------------------------------------------
     0 | D:1      | JedernureinKreuz the Gnoll Conjurer began the quest for the
                  | Orb.
     0 | D:1      | Reached XP level 1. HP: 13/13 MP: 6/6
    60 | D:1      | Reached XP level 2. HP: 18/19 MP: 2/7
   516 | D:1      | Reached XP level 3. HP: 25/25 MP: 6/9
   633 | D:1      | Reached skill level 5 in Spellcasting
   817 | D:2      | Found a sacrificial altar of Ru.
   907 | D:2      | Reached skill level 1 in Invocations
  1309 | D:3      | Reached skill level 1 in Fighting
  1309 | D:3      | Reached skill level 1 in Short Blades
  1309 | D:3      | Reached skill level 1 in Long Blades
  1309 | D:3      | Reached skill level 1 in Axes
  1309 | D:3      | Reached skill level 1 in Maces & Flails
  1309 | D:3      | Reached skill level 1 in Polearms
  1309 | D:3      | Reached skill level 1 in Staves
  1309 | D:3      | Reached skill level 1 in Slings
  1309 | D:3      | Reached skill level 1 in Bows
  1309 | D:3      | Reached skill level 1 in Crossbows
  1309 | D:3      | Reached skill level 1 in Throwing
  1309 | D:3      | Reached skill level 1 in Armour
  1309 | D:3      | Reached skill level 1 in Shields
  1309 | D:3      | Reached skill level 1 in Unarmed Combat
  1309 | D:3      | Reached skill level 1 in Evocations
  1309 | D:3      | Reached XP level 4. HP: 18/32 MP: 1/11
  1407 | D:3      | HP: 1/32 [howler monkey (3)]
  1408 | D:3      | Reached skill level 1 in Hexes
  1408 | D:3      | Reached skill level 1 in Charms
  1408 | D:3      | Reached skill level 1 in Summonings
  1408 | D:3      | Reached skill level 1 in Necromancy
  1408 | D:3      | Reached skill level 1 in Translocations
  1408 | D:3      | Reached skill level 1 in Transmutations
  1408 | D:3      | Reached skill level 1 in Fire Magic
  1408 | D:3      | Reached skill level 1 in Ice Magic
  1408 | D:3      | Reached skill level 1 in Air Magic
  1408 | D:3      | Reached skill level 1 in Earth Magic
  1408 | D:3      | Reached skill level 1 in Poison Magic
  1408 | D:3      | Reached XP level 5. HP: 1/37 MP: 5/12
  1918 | D:3      | Found a sacrificial altar of Ru.
  2016 | D:3      | Reached XP level 6. HP: 28/44 MP: 4/13
  2425 | D:4      | Reached skill level 5 in Dodging
  2432 | D:4      | Slain by a worker ant

Skill      XL: |  1  2  3  4  5  6 |
---------------+-------------------+-----
Spellcasting   | 5 |  5.3
Invocations    | 1 2 |  2.1
Fighting       | 1 |  1.9
Short Blades   | 1 |  1.9
Long Blades    | 1 |  1.9
Axes           | 1 |  1.9
Maces & Flails | 1 |  1.9
Polearms       | 1 |  1.9
Staves         | 1 |  1.9
Slings         | 1 |  1.9
Bows           | 1 |  1.9
Crossbows      | 1 |  1.9
Throwing       | 1 |  1.9
Armour         | 1 |  1.9
Shields        | 1 |  1.9
Unarmed Combat | 1 |  1.9
Evocations     | 1 |  1.9
Hexes          | 1 |  1.5
Charms         | 1 |  1.5
Summonings     | 1 |  1.5
Necromancy     | 1 |  1.5
Translocations | 1 |  1.5
Transmutations | 1 |  1.5
Fire Magic     | 1 |  1.5
Ice Magic      | 1 |  1.5
Air Magic      | 1 |  1.5
Earth Magic    | 1 |  1.5
Poison Magic   | 1 |  1.5
Dodging        | 5 |  5.0
Stealth        | |  4.6
Conjurations   | |  7.3

Action                   |  1- 3 |  4- 6 || total
-------------------------+-------+-------++-------
Melee: Short sword       |    25 |    21 ||    46
       Bite              |     2 |     1 ||     3
 Cast: Magic Dart        |    62 |    97 ||   159
 Stab: Sleeping          |     1 |       ||     1
  Eat: Chunk             |     1 |     3 ||     4
Armor: Robe              |     6 |     2 ||     8
Dodge: Dodged            |    28 |    52 ||    80
